 Dungeon Crawl Stone Soup version 0.27-a0-287-gd4424db430 (webtiles) character file.

Game seed: 3700436589466870149

130 kae the Ruffian (level 4, 0/36 HPs)
             Began as a Draconian Transmuter on Feb 8, 2021.
             Slain by an orc
             ... wielding a +0 hand axe
              (4 damage)
             ... on level 3 of the Dungeon.
             The game lasted 00:01:01 (3053 turns).

kae the Ruffian (Draconian Transmuter)              Turns: 3053, Time: 00:01:01

Health: 0/36       AC:  6    Str: 13    XL:     4   Next: 90%
Magic:  7/7        EV: 12    Int: 13    God:
Gold:   76         SH:  0    Dex: 12    Spells: 7/8 levels left

rFire    . . .     SeeInvis .     - Unarmed
rCold    . . .     Faith    .   (no shield)
rNeg     . . .     Spirit   .   (armour unavailable)
rPois    .         Reflect  .   (helmet restricted)
rElec    .         Harm     .   (no cloak)
rCorr    .         Rampage  .   (no gloves)
Will     .....                  o - +0 pair of boots
Stlth    +.........             (no amulet)
HPRegen  0.12/turn              (no ring)
MPRegen  0.10/turn              (no ring)

@: flying
A: unfitting armour, claws 1, horns 1, cold-blooded, AC +5
a: no special abilities


You were on level 3 of the Dungeon.
You visited 1 branch of the dungeon, and saw 3 of its levels.

You collected 76 gold pieces.

Inventory:

Armour
 o - a +0 pair of boots (worn)
Jewellery
 c - an uncursed amulet of faith {unknown}
 g - an uncursed amulet of the acrobat {unknown}
 i - an uncursed ring of poison resistance {unknown}
 s - an uncursed amulet of the acrobat {unknown}
Scrolls
 d - a scroll of noise {unknown}
 e - 4 scrolls of identify {unknown}
 h - 3 scrolls of remove curse {unknown}
 k - a scroll of enchant weapon {unknown}
 q - 2 scrolls of amnesia {unknown}
 r - 2 scrolls of teleportation {unknown}
Potions
 b - a potion of curing
 m - 2 potions of heal wounds {unknown}
 n - a potion of brilliance {unknown}
 p - a potion of lignification {unknown}


   Skills:
 + Level 2.2 Fighting
 + Level 2.4 Dodging
 * Level 4.1 Unarmed Combat
 + Level 2.6 Spellcasting
 + Level 2.6 Transmutations


You had 7 spell levels left.
You knew the following spells:

 Your Spells              Type           Power        Failure   Level
a - Beastly Appendage     Tmut           16%          8%          1

Your spell library contained the following spells:

 Spells                   Type           Power        Failure   Level
 Wereblood                Tmut           8%           12%         2
 Spider Form              Tmut/Pois      2%           38%         3
 Ice Form                 Ice/Tmut       5%           80%         4
 Blade Hands              Tmut           4%           91%         5


Dungeon Overview and Level Annotations

Branches:
Dungeon (3/15)

Altars:
Elyvilon
Gozag
Yredelemnul


Innate Abilities, Weirdness & Mutations

Your plain brown scales are hard. (AC +5)
You cannot fit into any form of body armour.
You are cold-blooded and may be slowed by cold attacks.
You have sharp fingernails.
You have a pair of small horns on your head.


Message History

A puff of flame appears from out of thin air!
The puff of flame hits you!
* * * LOW HITPOINT WARNING * * *
You are too injured to fight recklessly!
You are too injured to fight recklessly!
The orc closely misses you. x2
Things that are here:
a +0 flail; a +0 chain mail You are too injured to fight recklessly!
You are too injured to fight recklessly!
You closely miss the orc.
Your tail-slap misses the orc.
The orc barely misses you. The orc hits you but does no damage.
You hear some strange, mumbled words.
A magic dart appears from out of thin air!
The magic dart hits you.
* * * LOW HITPOINT WARNING * * *
It was a potion of flight.
You feel very buoyant.
You fly up into the air.
The orc hits you with a +0 hand axe.
You die...

#.######. ... #.....#
#. #(....... .....
#...#.#####.
#..#####. #..#
###..[...... #..#
#..# #.#.####.. ...#
#..# #.#.# #.# #.##
#..# #.#.# #.# #.#
#..# #######.#.# #.#
#.#
#.####..##o>........#
#.# #.# #.......{@o#
#.### #.# #.#
#####.)#### #.# #.#
#.# ########..#####
... #.# #..
..#...<......$# #.# #
#.#>######.##.# #
#.#.# .# # #.#.# .#
######.#.#### .#
#...........# .#


You could see 2 orcs.

Vanquished Creatures
  2 orc wizards (D:3)
  4 adders
  A worm (D:3)
  2 leopard geckos
  4 orcs (D:3)
  A ball python (D:2)
  3 giant cockroaches
  3 goblins (D:2)
  5 hobgoblins
  2 kobolds
  5 bats
  8 frilled lizards
  5 rats
45 creatures vanquished.

Notes
Turn   | Place    | Note
-------+----------+-------------------------------------------
     0 | D:1      | kae the Draconian Transmuter began the quest for the Orb.
     0 | D:1      | Reached XP level 1. HP: 16/16 MP: 3/3
   242 | D:1      | Reached XP level 2. HP: 23/23 MP: 5/5
  1426 | D:2      | Reached XP level 3. HP: 17/29 MP: 6/6
  1624 | D:2      | Found a basalt altar of Yredelemnul.
  1625 | D:2      | Found a white marble altar of Elyvilon.
  1627 | D:2      | Found an opulent altar of Gozag.
  2628 | D:3      | Reached XP level 4. HP: 33/36 MP: 5/7
  2795 | D:3      | Gained mutation: You have a pair of small horns on your
                  | head. [potion of mutation]
  2795 | D:3      | Gained mutation: You have sharp fingernails. [potion of
                  | mutation]
  2806 | D:3      | Reached skill level 4 in Unarmed Combat
  3053 | D:3      | Slain by an orc

Illustrated notes

Levels and vault maps discovered:
D:1:      minmay_arrival_four_loops, layout_basic, minivault_19,
          minmay_pentomino_v2
D:2:      layout_loops_ring, chequers_temple_overflow_statue_of_worship,
          grunt_ministairs_13, minmay_tall_x
D:3:      layout_loops_ring, trog_wizard

Skill      XL: |  1  2  3  4 |
---------------+-------------+-----
Dodging        | 2 |  2.4
Fighting       | 2 |  2.2
Unarmed Combat | 4 |  4.1
Spellcasting   | |  2.6
Transmutations | |  2.6

Action                   |  1- 3 |  4- 6 || total
-------------------------+-------+-------++-------
Melee: Unarmed           |    93 |    47 ||   140
       Tailslap          |     7 |     9 ||    16
       Kick              |    10 |     2 ||    12
       Headbutt          |     4 |     3 ||     7
       Punch             |     1 |       ||     1
 Cast: Beastly Appendage |    26 |     3 ||    29
  Use: Potion            |       |     5 ||     5
Armor: Skin              |    34 |    16 ||    50
Dodge: Dodged            |    57 |    16 ||    73

Table legend: (Time is in decaauts)
 A = Elapsed time spent in this place.
 B = Non-inter-level travel time spent in this place.
 C = Inter-level travel time spent in this place.
 D = Time resting spent in this place.
 E = Time spent auto-exploring this place.
 F = Levels seen in this place.
 G = Mean time per level.
                   A        B        C        D        E       F      G
               +--------+--------+--------+--------+--------+-----+--------+
         Total |   3024 |   2959 |     65 |    215 |   2411 |   3 | 1008.0 |
       Dungeon |   3024 |   2959 |     65 |    215 |   2411 |   3 | 1008.0 |
               +--------+--------+--------+--------+--------+-----+--------+

Top non-repeatable levels by time:
     D:2: 1404 daAuts
     D:1: 846 daAuts
     D:3: 773 daAuts
